 Dungeon Crawl Stone Soup version 0.22.0-27-ga576289 (webtiles) character file.

491 Folque the Magician (level 7, -1/45 HPs)
             Began as an Octopode Wizard on Aug 22, 2018.
             Slain by Esekla's ghost (7 damage)
             ... on level 5 of the Dungeon.
             The game lasted 00:24:07 (4398 turns).

Folque the Magician (Octopode Wizard)               Turns: 4398, Time: 00:24:07

Health: -1/45      AC:  1    Str:  6    XL:     7   Next: 14%
Magic:  9/14       EV: 13    Int: 28    God:
Gold:   206        SH:  0    Dex: 10    Spells: 3/16 levels left

rFire    . . .     SeeInvis .   d - +1 spear
rCold    . . .     Gourm    .   (no shield)
rNeg     . . .     Faith    .   a - +0 hat
rPois    .         Spirit   .   (no amulet)
rElec    .         Reflect  .   g - +5 ring of intelligence
rCorr    .         Harm     .   j - ring of stealth
MR       .....                  (no ring)
Stlth    +++.......             (no ring)
HPRegen  0.15/turn              (no ring)
MPRegen  0.14/turn              (no ring)
                                (no ring)
                                (no ring)

@: confused
A: almost no armour, stealthy swim, amphibious, 8 rings, constrict 8, camouflage
1, gelatinous body 1
a: no special abilities


You were on level 5 of the Dungeon.
You were not hungry.

You visited 1 branch of the dungeon, and saw 5 of its levels.

You collected 206 gold pieces.

Inventory:

Hand Weapons
 d - a +1 spear (weapon)
 m - a +0 scythe
 n - a +1 mace of draining
 o - a +1 mace of draining
Armour
 a - a +0 hat (worn)
Magical Staves
 r - an uncursed staff of air
Jewellery
 g - a +5 ring of intelligence (left tentacle)
 j - a ring of stealth (right tentacle)
Wands
 k - a wand of flame (28)
 t - a wand of polymorph (12)
Scrolls
 e - a scroll of enchant weapon
 h - 3 scrolls of teleportation
 i - 2 scrolls of identify
 l - a scroll of magic mapping
 w - a scroll of immolation {unknown}
Potions
 b - a potion of heal wounds
 f - 3 potions of flight
 p - 2 potions of berserk rage
 q - a potion of lignification {unknown}
 s - a potion of ambrosia {unknown}
 u - a potion of degeneration {unknown}
 x - a potion of curing {unknown}
Comestibles
 c - 7 rations
 v - 6 chunks of flesh


   Skills:
 - Level 2.0 Fighting
 - Level 1.1 Polearms
 * Level 2.2 Dodging
 - Level 4.0 Stealth
 - Level 5.2 Spellcasting
 - Level 3.2 Conjurations
 - Level 1.0 Summonings
 + Level 1.7 Translocations
 - Level 2.0 Poison Magic


You had 3 spell levels left.
You knew the following spells:

 Your Spells              Type           Power        Failure   Level  Hunger
a - Magic Dart            Conj           ####         1%          1    None
b - Call Imp              Summ           ##......     7%          2    None
c - Blink                 Tloc           N/A          4%          2    None
d - Mephitic Cloud        Conj/Pois/Air  ###.....     10%         3    #......
e - Slow                  Hex            #.......     10%         2    None
f - Conjure Flame         Conj/Fire      ###.....     11%         3    #......

Your spell library contained the following spells:

 Spells                   Type           Power        Failure   Level  Hunger


Dungeon Overview and Level Annotations

Branches:
Dungeon (5/15)
 Temple: D:4-7

Altars:
Cheibriados
Fedhas
Ru

Shops:
D:4 =

Annotations:
D:5 Esekla's ghost, novice FoCj


Innate Abilities, Weirdness & Mutations

You cannot wear most types of armour.
You are very stealthy in the water. (Stealth+)
You are amphibious.
You can wear up to eight rings at the same time.
You can use your tentacles to constrict eight enemies at once.
Your skin changes colour to match your surroundings (Stealth+).
Your rubbery body absorbs attacks. (AC +1, EV +1)


Message History

The worm is almost dead.
Attack whom?
Press: ? - help, Dir - move target cursor, f/p - worm
Aim: a worm (almost dead)
You reach to attack!
You hit the worm.
You kill the worm!
Esekla's ghost points at you and mumbles some strange words.
The magic dart hits you!
Esekla's ghost gestures at you while chanting.
The spray of energy hits you!
* * * LOW HITPOINT WARNING * * *
You are confused.
Esekla's ghost hits you.
* * * LOW HITPOINT WARNING * * *
Esekla's ghost screams, "Don't try to defend!
You have no chance!"
Esekla's ghost casts a spell at you. The magic dart hits you!
* * * LOW HITPOINT WARNING * * *
Esekla's ghost hits you!
You die...

.............W5.###....##
..#.###.#.#.###.###.....#
..#. #.#.#.###..........
....###.#................
.................##..
.................. .
..................
.........W........
........@.........
≈≈≈≈≈≈≈≈≈≈≈≈≈≈≈≈≈≈
≈≈≈≈≈≈≈≈≈≈≈≈≈≈≈≈≈≈
≈≈≈≈≈≈≈≈≈≈≈≈≈≈≈≈≈≈
##################


You could see Esekla's ghost.

Vanquished Creatures
  Sigmund (D:2)
  2 hounds
  2 orc priests (D:3)
  2 orc wizards (D:3)
  A gnoll (D:2)
  2 adders
  A river rat (D:5)
  An adder skeleton (D:4)
  3 worms
  A dart slug (D:1)
  4 leopard geckos
  9 orcs
  3 ball pythons
  8 bats
  5 giant cockroaches
  5 goblins
  11 hobgoblins
  10 jackals
  9 kobolds
  A quokka (D:3)
  6 frilled lizards
  7 rats
94 creatures vanquished.

Vanquished Creatures (collateral kills)
  A scorpion (D:2)
  2 gnolls (D:2)
  A shadow imp (D:5)
  A worm (D:2)
  A dart slug (D:3)
  A hobgoblin (D:3)
  5 jackals
  A quokka (D:5)
13 creatures vanquished.

Grand Total: 107 creatures vanquished

Notes
Turn   | Place    | Note
-------+----------+-------------------------------------------
     0 | D:1      | Folque the Octopode Wizard began the quest for the Orb.
     0 | D:1      | Reached XP level 1. HP: 11/11 MP: 4/4
   119 | D:1      | Reached skill level 1 in Fighting
   439 | D:1      | Reached XP level 2. HP: 7/18 MP: 3/6
   472 | D:1      | Learned a level 2 spell: Call Imp
   475 | D:1      | Learned a level 2 spell: Blink
  1010 | D:1      | Reached XP level 3. HP: 24/24 MP: 7/7
  1015 | D:1      | Learned a level 3 spell: Mephitic Cloud
  1257 | D:2      | Noticed a scorpion
  1672 | D:2      | Reached XP level 4. HP: 29/29 MP: 4/9
  1961 | D:2      | Reached XP level 5. HP: 26/34 MP: 0/10
  2223 | D:2      | Noticed Sigmund
  2247 | D:2      | Killed Sigmund
  2247 | D:2      | Reached skill level 4 in Spellcasting
  2247 | D:2      | Reached XP level 6. HP: 39/39 MP: 6/13
  2571 | D:2      | Found a sacrificial altar of Ru.
  2825 | D:3      | Reached skill level 1 in Polearms
  2825 | D:3      | Reached skill level 5 in Spellcasting
  2913 | D:3      | Reached skill level 1 in Poison Magic
  3511 | D:3      | Learned a level 2 spell: Slow
  3515 | D:3      | Learned a level 3 spell: Conjure Flame
  3592 | D:4      | Found a blossoming altar of Fedhas.
  3664 | D:4      | Found Ofaij's Jewellery Emporium.
  3748 | D:4      | Reached XP level 7. HP: 37/45 MP: 7/14
  3984 | D:4      | Found a snail-covered altar of Cheibriados.
  4171 | D:5      | Entered Level 5 of the Dungeon
  4338 | D:5      | Found a runed door.
  4338 | D:5      | Noticed Esekla's ghost (novice FoCj)
  4398 | D:5      | Slain by Esekla's ghost

Skill      XL: |  1  2  3  4  5  6 |
---------------+-------------------+-----
Fighting       | 1 2 |  2.0
Conjurations   | 2 3 |  3.2
Stealth        | 3 4 |  4.0
Spellcasting   | 4 5 |  5.2
Polearms       | 1 |  1.1
Poison Magic   | 2 |  2.0
Dodging        | |  2.2
Summonings     | |  1.0
Translocations | |  1.7

Action                   |  1- 3 |  4- 6 |  7- 9 || total
-------------------------+-------+-------+-------++-------
Melee: Spear             |    78 |   186 |    46 ||   310
       Unarmed           |     7 |       |       ||     7
       Constrict         |    22 |    29 |     5 ||    56
       Tentacles         |     8 |    14 |     3 ||    25
 Cast: Magic Dart        |    13 |    18 |     2 ||    33
       Mephitic Cloud    |     3 |    10 |       ||    13
       Call Imp          |     3 |    11 |     6 ||    20
       Blink             |       |     3 |     1 ||     4
       Conjure Flame     |       |     1 |       ||     1
  Use: Scroll            |     1 |     7 |     3 ||    11
 Stab: Sleeping          |    14 |    12 |     4 ||    30
       Confused          |     2 |     3 |       ||     5
       Distracted        |       |     2 |       ||     2
  Eat: Chunk             |     3 |     7 |     2 ||    12
Armor: Skin              |     5 |    13 |     2 ||    20
Dodge: Dodged            |    29 |    62 |    28 ||   119
